 Dungeon Crawl Stone Soup version 0.32-a0-932-g546787307d (webtiles) character file.

Game seed: 8396231963497632993

138267 Oneirical the Blinker (level 16, -2/88 HPs)
             Began as a Felid Conjurer on Apr 15, 2024.
             Was a High Priest of Sif Muna.
             Killed from afar by a salamander mystic (31 damage)
             ... with a bolt of magma
             ... on level 3 of the Snake Pit.
             The game lasted 01:17:36 (38750 turns).

Oneirical the Blinker (Felid Conjurer)             Turns: 38750, Time: 01:17:37

Health: -2/88      AC: 28    Str:  3    XL:     16   Next: 70%
Magic:  27/40      EV: 22    Int: 30    God:    Sif Muna [*****.]
Gold:   1329       SH:  5    Dex: 15    Spells: 13/35 levels left
                                        Lives:  0   Deaths: 6

rFire   . . .        (weapon unavailable)
rCold   . . .        (shield unavailable)
rNeg    + . .        (body armour unavailable)
rPois   ∞            (helmet unavailable)
rElec   +            (cloak unavailable)
rCorr   .            (gloves unavailable)
SInv    +            (boots unavailable)
Will    ++...        K - amulet of reflection
Stlth   ++           l - +4 ring of protection
HPRegen 0.34/turn    N - ring of magical power
MPRegen 0.27/turn

%: reflection
@: statue-form, very slow
A: slow and powerful, torment resistance 1, very small, claws 1, fangs 3, see
invisible, (shaggy fur 3), stealthy paws, no weapons or thrown items, no armour,
multi-lived
a: Begin Untransformation, Renounce Religion, Channel Magic, Forget Spell,
Divine Exegesis


You were on level 3 of the Snake Pit.
You worshipped Sif Muna.
Sif Muna was extremely pleased with you.
You were a living statue of rough stone.
You visited 6 branches of the dungeon, and saw 27 of its levels.
You also visited: Ice Cave.

You collected 2880 gold pieces.
You spent 1551 gold pieces at shops.

Inventory:

Jewellery
 b - a ring of fire
 h - a ring of resist corrosion
 l - a +4 ring of protection (left paw)
 C - a ring of protection from cold
 K - an amulet of reflection (around neck)
 M - a ring of flight
 N - a ring of magical power (right paw)
 P - a ring of protection from cold
 Q - a ring of ice
 R - a +5 ring of evasion
 U - a +4 ring of protection
 V - a ring of protection from fire
Talismans
 I - a blade talisman
 O - a granite talisman (active)
Wands
 a - a wand of flame (35)
 v - a wand of polymorph (8)
 A - a wand of mindburst (14)
 B - a wand of digging (4)
 D - a wand of paralysis (7)
 X - a wand of roots (3)
Scrolls
 e - 6 scrolls of fog
 f - 2 scrolls of identify
 i - 4 scrolls of blinking
 k - 7 scrolls of amnesia
 o - 7 scrolls of immolation
 p - 8 scrolls of fear
 r - 5 scrolls of vulnerability
 s - 5 scrolls of revelation
 w - 5 scrolls of noise
 y - 3 scrolls of summoning
 z - 4 scrolls of teleportation
 E - 2 scrolls of poison
 S - a scroll of torment
Potions
 c - 3 potions of lignification
 d - 3 potions of might
 g - 5 potions of haste
 j - 2 potions of resistance
 m - 6 potions of curing
 n - 6 potions of attraction
 q - 6 potions of enlightenment
 t - 7 potions of heal wounds
 u - a potion of invisibility
 x - a potion of brilliance
 F - 2 potions of cancellation
 G - 2 potions of mutation
 H - 4 potions of magic
 J - 2 potions of ambrosia
 L - a potion of berserk rage {unknown}
 W - a potion of experience {unknown}


   Skills:
 - Level 10.0 Fighting
 - Level 10.0 Dodging
 - Level 3.0 Stealth
 - Level 10.0 Spellcasting
 - Level 6.0 Conjurations
 - Level 13.2 Summonings
 - Level 17.0 Translocations
 - Level 10.0 Invocations
 + Level 14.0 Shapeshifting


You had 13 spell levels left.
You knew the following spells:

 Your Spells              Type           Power      Damage    Failure   Level
a - Magic Dart            Conj           100%       1d8       1%          1
b - Searing Ray           Conj           100%       2d8       1%          2
c - Iskenderun's Mystic   Conj/Tloc      71%        2d14      (+2d81%     4
d - Gell's Gavotte        Tloc           43%        2d(30-45) 1%          6
e - Malign Gateway        Summ/Tloc      40%        N/A       6%          7
f - Blink                 Tloc           100%       N/A       0%          2

Your spell library contained the following spells:

 Spells                   Type           Power      Damage    Failure   Level
 Apportation              Tloc           100%       N/A       0%          1
 Lesser Beckoning         Tloc           100%       N/A       0%          2
 Maxwell's Portable Pile  Tloc           86%        2d(13-39) 0%          3
 Teleport Other           Tloc           86%        N/A       0%          3
 Foxfire                  Conj/Fire      100%       2x1d9     1%          1
 Call Imp                 Summ           100%       N/A       1%          2
 Momentum Strike          Conj/Tloc      100%       3d10      1%          2
 Static Discharge         Conj/Air       66%        3-6/arc   1%          2
 Volatile Blastmotes      Fire/Tloc      100%       2d18      1%          3
 Passage of Golubria      Tloc           86%        N/A       1%          4
 Vhi's Electric Charge    Tloc/Air       100%       N/A       1%          4
 Dispersal                Tloc           43%        N/A       1%          6
 Summon Lightning Spire   Summ/Air       53%        N/A       2%          4
 Manifold Assault         Tloc           43%        N/A       2%          7
 Freeze                   Ice            60%        1d7       3%          1
 Hailstorm                Conj/Ice       33%        3d8       3%          3
 Stone Arrow              Conj/Erth      66%        3d11      3%          3
 Mephitic Cloud           Conj/Alch/Air  27%        N/A       4%          3
 Cigotuvi's Dreadful Rot  Necr/Alch/Air  30%        N/A       5%          2
 Ensorcelled Hibernation  Hex/Ice        30%        N/A       5%          2
 Mercury Vapours          Alch/Air       30%        N/A       5%          2
 Flame Wave               Conj/Fire      33%        2d10      10%         4
 Fulminant Prism          Conj/Alch      16%        3d10      10%         4
 Frozen Ramparts          Ice            30%        1d5       11%         3
 Inner Flame              Hex/Fire       15%        N/A       11%         3
 Passwall                 Erth           15%        N/A       11%         3
 Swiftness                Air            15%        N/A       11%         3
 Summon Hydra             Summ           38%        N/A       13%         7
 Disjunction              Tloc           43%        N/A       22%         8
 Arcjolt                  Conj/Air       16%        1d26      28%         5
 Irradiate                Conj/Alch      16%        3d17      28%         5
 Airstrike                Air            7%         2d(2-18)  34%         4
 Animate Dead             Necr           15%        N/A       34%         4
 Cause Fear               Hex            7%         N/A       34%         4
 Ignite Poison            Fire/Alch      15%        N/A       34%         4
 Leda's Liquefaction      Alch/Erth      7%         N/A       34%         4
 Olgreb's Toxic Radiance  Alch           15%        N/A       34%         4
 Petrify                  Alch/Erth      15%        N/A       34%         4
 Sticky Flame             Fire/Alch      15%        2d5       34%         4
 Freezing Cloud           Conj/Ice/Air   13%        6-21      38%         5
 Alistair's Intoxication  Alch           10%        N/A       67%         5
 Borgnjor's Vile Clutch   Necr/Erth      7%         N/A       67%         5
 Lee's Rapid Deconstruct  Erth           7%         3d7*      67%         5
 Yara's Violent Unravell  Hex/Alch       7%         3d5       67%         5
 Summon Horrible Things   Summ           38%        N/A       71%         8
 Bombard                  Conj/Erth      16%        9d3       83%         6
 Eringya's Noxious Bog    Alch           7%         4d6       99%         6
 Permafrost Eruption      Ice/Erth       7%         2x4d3     99%         6
 Ignition                 Fire           7%         3d5       100%        8
 Lehudib's Crystal Spear  Conj/Erth      16%        10d5      100%        8
 Maxwell's Capacitive Co  Air            7%         ∞         100%        8
 Chain Lightning          Conj/Air       16%        3d22      100%        9
 Fire Storm               Conj/Fire      16%        8d4       100%        9
 Shatter                  Erth           7%         3d10*     100%        9
 Animate Armour           Summ/Erth      Unusable   N/A       N/A         4
 Sublimation of Blood     Necr           Unusable   N/A       N/A         2

Dungeon Overview and Level Annotations

Branches:
Dungeon (15/15)            Temple (1/1) D:4            Lair (5/5) D:8
  Swamp (0/4) Lair:3        Snake (3/4) Lair:2        Slime (1/5) Lair:4
    Orc (2/2) D:9             Elf (0/3) Orc:2        Vaults (0/5) D:13
 Depths (0/4) D:15          IceCv (visited)

Altars:
Ashenzari
Cheibriados
Dithmenos
Elyvilon
Fedhas
Gozag
Hepliaklqana
Kikubaaqudgha
Makhleb
Nemelex Xobeh
Okawaru
Qazlal
Ru
Sif Muna
Trog
Uskayaw
Vehumet
Wu Jian
Xom
Yredelemnul
Zin
The Shining One
Beogh

Shops:
Orc:2 *[!=   Snake:2 ::=

Annotations:
D:7 mmoncure's ghost, novice MDRe
Lair:1 3 runed translucent doors, Caczuus's ghost, novice SpEE
Lair:5 exclusions: ice statue and oklob plant


Innate Abilities, Weirdness & Mutations

You are a living statue of rough stone.
Your actions are slow, but your melee attacks are powerful.
You are resistant to unholy torment.
You are immune to poison.
You have sharp claws.
You have razor-sharp teeth.
You have supernaturally acute eyesight. (SInv)
((Your thick and shaggy fur keeps you warm. (AC +3, rC+)))
Your paws help you pounce on unaware monsters.
You are incapable of wielding weapons or throwing items.
You cannot wear armour.
You gain extra lives every three experience levels.


Message History

The salamander is moderately wounded.
The mystic blast hits the black mamba!!
The black mamba is heavily wounded.
The black mamba is knocked back by the mystic blast.
The salamander wields a +0 shortbow of flaming.
It bursts into flame!
The salamander shoots an arrow.
The arrow hits you. The arrow burns you.
Casting: Iskenderun's Mystic Blast (safe; 1% risk of failure)
Confirm with . or Enter, or press ? or * to list all spells.
Aiming: Gell's Gavotte (dangerous; 1% risk of failure)
Press: ? - help, Dir - move target, f - black mamba
Aim: a black mamba (heavily wounded, fast, 100% to hit)
Gravity reorients to the east!
The salamander slams into the rock wall!!!
You kill the salamander!
Sif Muna accepts your kill. The black mamba completely misses you.
The black mamba misses you. x2
The salamander mystic gestures at you while chanting.
The bolt of magma hits you.
Your Shapeshifting skill increases to level 14!
Casting: Gell's Gavotte (dangerous; 1% risk of failure)
Confirm with . or Enter, or press ? or * to list all spells.
You erupt in a blast of force!
The mystic blast hits the black mamba!!
You kill the black mamba!
Sif Muna accepts your kill.
You hear an angry hiss.
The salamander mystic casts a spell at you.
The bolt of magma hits you!!
Casting: Iskenderun's Mystic Blast (safe; 1% risk of failure)
Confirm with . or Enter, or press ? or * to list all spells.
Local gravity is still too unstable to reorient.
Casting: Gell's Gavotte (dangerous; 1% risk of failure)
Confirm with . or Enter, or press ? or * to list all spells.
The dungeon shakes, a horrible noise fills the air, and a portal to some otherworldly place is opened!
You feel less invigorated. Gravity stabilizes in your vacinity.
You hear a shout!
The salamander mystic gestures at you while chanting.
The bolt of magma hits you!!
You die...

#.)÷<..#....#
#..#........##
####.#####.....##
#..#...#####....#
#...#....##....#####
###......##...)#.).#
#.......###...)...#
#..........†...†..##
#...##.###..I..†...#
######.##..._..#...#
#(.....§§§#....#
#####..§w.N......
....§$§#..#....
#.######.##.....) #
#..#...... ##.....
#..


You could see a salamander mystic (ally target) and a friendly eldritch
tentacle.

Vanquished Creatures
  Gastronok (Lair:2)
  A nagaraja (Snake:2)
  A rakshasa (D:15)
  2 hydras (Lair:5)
  2 centaur warriors
  An anaconda (Snake:3)
  A merfolk avatar (Lair:5)
  4 two-headed ogres
  6 death yaks (Lair:3)
  2 naga warriors
  2 orc high priests (Orc:2)
  An occultist (D:15)
  4 shock serpents
  3 naga sharpshooters (Snake:2)
  3 skeletal warriors
  Amaemon (Lair:2)
  A skyshark (Lair:5)
  A salamander mystic (Snake:3)
  4 sea snakes
  2 mana vipers (Snake:2)
  A lindwurm (Lair:4)
  2 deep elf zephyrmancers (D:15)
  2 necromancers
  A deep elf pyromancer (D:15)
  An orc sorcerer (Orc:2)
  A harpy (shapeshifter) (D:14)
  A wolf spider (Orc:2)
  2 ugly things (D:15)
  4 salamanders
  A manticore (Lair:5)
  A cyclops (D:12)
  9 elephants (Lair:5)
  14 black mambas
  5 kobold blastminers
  2 meliai (D:13)
  2 orange demons
  2 centaur skeletons (D:15)
  8 cane toads
  13 komodo dragons
  2 nameless horrors (Snake:2)
  A rime drake (Lair:5)
  2 freezing wraiths (IceCv)
  3 tengu conjurers
  2 unseen horrors
  2 yaktaurs (D:15)
  An anaconda simulacrum (IceCv)
  16 ice devils
  A red devil (D:10)
  2 trolls
  2 tyrant leeches (Lair:3)
  7 polar bears
  3 hornets
  A wind drake (Lair:5)
  Grinder (D:5)
  6 blink frogs
  18 dream sheep
  A slime creature (D:11)
  A centaur simulacrum (D:15)
  10 wyverns
  4 dire elephant simulacra (IceCv)
  43 yaks
  3 wraiths
  A ynoxinul (D:10)
  8 basilisks
  7 vampire mosquitoes
  An unseen horror simulacrum (D:7)
  3 steam dragons
  3 swamp worms (Lair:3)
  4 death yak simulacra (IceCv)
  A naga (Snake:3)
  3 harpy simulacra (IceCv)
  An acid dragon (D:11)
  14 water moccasins
  Duvessa (D:4)
  A hydra simulacrum (IceCv)
  A meliai simulacrum (D:14)
  12 orc warriors
  4 ice beasts
  3 black bears
  7 centaurs
  A phantom (D:6)
  6 ogres
  23 wolves
  13 bullfrogs
  2 scorpions
  3 cane toad simulacra (IceCv)
  3 wights (D:9)
  Dowan (D:4)
  21 killer bees
  3 elephant simulacra (IceCv)
  5 howler monkeys
  7 electric eels (D:14)
  A bombardier beetle (D:4)
  3 lava snakes (Lair:2)
  2 hounds
  22 orc priests
  3 jellies
  Crazy Yiuf (D:5)
  6 iguanas
  18 orc wizards
  Ijyb (D:4)
  2 sleepcaps
  2 troll simulacra (IceCv)
  4 polar bear simulacra (IceCv)
  6 wolf simulacra (IceCv)
  A bullfrog simulacrum (D:7)
  A naga simulacrum (IceCv)
  4 adders
  9 white imps
  4 ufetubi
  3 dart slugs
  5 ribbon worms
  62 orcs
  11 ball pythons
  3 endoplasms
  12 giant cockroaches
  5 goblins
  6 hobgoblins
  7 jackals (D:4)
  4 quokkas
  2 bats
  3 frilled lizards
  8 kobolds
  2 rats
  A butterfly (Lair:4)
634 creatures vanquished.

Vanquished Creatures (collateral kills)
  Frances (D:13)
  Aizul (Snake:1)
  A nagaraja (Snake:2)
  The ghost of Cicylist the Cleaver, a journeyman FoFi of Okawaru (D:14)
  Josephine (D:15)
  Erolcha (D:13)
  2 anacondas
  3 hydras
  3 boulder beetles
  4 centaur warriors (D:14)
  A dancing weapon (D:13)
  A death knight (D:14)
  4 death yaks (Lair:5)
  A tengu warrior (D:11)
  An orc high priest (Orc:2)
  6 shock serpents
  3 naga sharpshooters
  4 naga warriors
  7 skeletal warriors
  A salamander mystic (Snake:2)
  2 sea snakes (Snake:2)
  2 mana vipers
  An obsidian bat (Orc:2)
  2 deep elf pyromancers (D:15)
  4 nameless horrors
  A manticore (D:14)
  10 ugly things
  An orc sorcerer (Orc:2)
  A cyclops (D:14)
  2 salamanders (Snake:2)
  A guardian serpent (Snake:1)
  4 naga magi
  8 black mambas
  7 yaktaurs (D:15)
  2 trolls
  A polar bear (shapeshifter) (D:13)
  A polar bear (Lair:5)
  A wolf spider simulacrum (D:13)
  3 wraiths (D:15)
  5 slime creatures (D:11)
  2 water elementals (D:14)
  8 yaks
  A warg (Orc:2)
  An acid dragon (D:11)
  8 nagas
  13 orc warriors
  2 ice beasts (Lair:5)
  2 ogres (Orc:2)
  9 centaurs
  3 wights (D:10)
  An electric eel (D:14)
  19 orc priests
  5 orc wizards (Orc:2)
  22 orcs
202 creatures vanquished.

Vanquished Creatures (others)
  83 eldritch tentacles
  A vault guard (D:13)
  An ugly thing (D:14)
  A torpor snail (Lair:5)
  A wraith (D:15)
  3 orc wizards (Orc:2)
  An orc (Orc:2)
91 creatures vanquished.

Grand Total: 927 creatures vanquished

Notes
Turn   | Place    | Note
-------+----------+-------------------------------------------
     0 | D:1      | Oneirical the Felid Conjurer began the quest for the Orb.
     0 | D:1      | Reached XP level 1. HP: 9/9 MP: 4/4
    58 | D:1      | Noticed a shining eye
    62 | D:1      | Found a faded altar of an unknown god.
    64 | D:1      | Noticed a shining eye
    64 | D:1      | Noticed an eye of devastation
    64 | D:1      | Noticed a shining eye
   321 | D:1      | Reached XP level 2. HP: 13/13 MP: 3/6
   324 | D:1      | Learned a level 2 spell: Searing Ray
  1123 | D:1      | Reached XP level 3. HP: 16/16 MP: 4/7
  1478 | D:2      | Found a shadowy altar of Dithmenos.
  2050 | D:3      | Reached XP level 4. HP: 10/21 MP: 2/9
  2050 | D:3      | Gained a life (2 lives remaining)
  2052 | D:3      | HP: 1/21 [orc priest/divine providence (8)]
  2056 | D:3      | Slain by an orc wizard
  2056 | D:3      | Lost a life (1 life remaining)
  2593 | D:3      | Found a glowing golden altar of the Shining One.
  2650 | D:3      | Reached XP level 5. HP: 24/24 MP: 3/11
  2723 | D:3      | Reached skill level 5 in Conjurations
  3030 | D:3      | Learned a level 4 spell: Iskenderun's Mystic Blast
  3385 | D:4      | Noticed a centaur
  3394 | D:4      | Killed a centaur
  3395 | D:4      | Reached skill level 2 in Translocations
  3461 | D:4      | Noticed Dowan
  3517 | D:4      | Noticed Duvessa
  3714 | D:4      | Slain by Duvessa
  3714 | D:4      | Lost a life (0 lives remaining)
  3715 | D:4      | You fall into a shaft and drop 1 floor!
  3715 | D:5      | Entered Level 5 of the Dungeon
  3715 | D:5      | Found a glowing silver altar of Zin.
  3724 | D:5      | Gained mutation: You are covered in thick fur. (AC +2)
                  | [Felid growth]
  3724 | D:5      | Reached XP level 6. HP: 28/28 MP: 7/12
  3948 | D:5      | Reached skill level 3 in Translocations
  4166 | D:5      | Noticed Grinder
  4180 | D:5      | Killed Grinder
  4181 | D:5      | Reached skill level 4 in Translocations
  4181 | D:5      | Reached XP level 7. HP: 10/32 MP: 1/15
  4181 | D:5      | Gained a life (1 life remaining)
  4472 | D:5      | Found a runed translucent door.
  4473 | D:5      | Noticed Crazy Yiuf
  4677 | D:5      | Found an ornate altar of the Wu Jian Council.
  4812 | D:4      | Killed Dowan
  4818 | D:4      | Slain by an iguana
  4818 | D:4      | Lost a life (0 lives remaining)
  4822 | D:4      | Reached skill level 5 in Translocations
  4825 | D:4      | Killed Duvessa
  4826 | D:4      | Reached skill level 5 in Spellcasting
  5204 | D:4      | Noticed Ijyb
  5223 | D:4      | Killed Ijyb
  5224 | D:4      | Reached skill level 6 in Translocations
  5523 | D:4      | Found a staircase to the Ecumenical Temple.
  5542 | Temple   | Entered the Ecumenical Temple
  5551 | Temple   | Became a worshipper of Sif Muna the Loreminder
  5712 | D:4      | Found a radiant altar of Vehumet.
  5714 | D:4      | Found a sacrificial altar of Ru.
  5991 | D:5      | Killed Crazy Yiuf
  5992 | D:5      | Reached XP level 8. HP: 36/36 MP: 2/17
  6345 | D:6      | Found a bloodstained altar of Trog.
  6488 | D:6      | Reached skill level 7 in Translocations
  6748 | D:6      | Reached skill level 8 in Translocations
  7277 | D:6      | Reached skill level 9 in Translocations
  7525 | D:7      | Found a runed translucent gate.
  7525 | D:7      | Found a runed translucent gate.
  7525 | D:7      | Found a runed translucent gate.
  7576 | D:7      | Noticed mmoncure's ghost (novice MDRe)
  7933 | D:7      | Reached XP level 9. HP: 39/39 MP: 4/21
  8336 | D:7      | Reached skill level 10 in Translocations
  8341 | D:7      | Reached skill level 1 in Fighting
  8341 | D:7      | Reached * piety under Sif Muna
  8571 | D:6      | Learned a level 6 spell: Gell's Gavotte
  8730 | D:8      | Reached skill level 1 in Invocations
  8842 | D:8      | Reached skill level 5 in Dodging
  8842 | D:8      | Reached skill level 11 in Translocations
  8842 | D:8      | Reached ** piety under Sif Muna
  9074 | D:8      | Reached XP level 10. HP: 49/49 MP: 4/23
  9074 | D:8      | Gained a life (1 life remaining)
  9302 | D:8      | Found an opulent altar of Gozag.
  9637 | D:8      | Found a staircase to the Lair.
  9764 | Lair:1   | Entered Level 1 of the Lair of Beasts
  9767 | Lair:1   | Noticed a black mamba
  9771 | Lair:1   | Killed a black mamba
  9968 | Lair:1   | Reached skill level 12 in Translocations
 10185 | Lair:1   | Reached skill level 5 in Fighting
 10438 | Lair:1   | Noticed a cane toad
 10449 | Lair:1   | Killed a cane toad
 10551 | Lair:1   | Found a runed translucent gate.
 10552 | Lair:1   | Found a runed translucent gate.
 10553 | Lair:1   | Noticed an elephant
 10554 | Lair:1   | Found a runed translucent gate.
 10554 | Lair:1   | Noticed a skyshark
 10555 | Lair:1   | Noticed Caczuus's ghost (novice SpEE)
 10616 | Lair:1   | Reached XP level 11. HP: 46/56 MP: 14/25
 11038 | Lair:1   | Reached skill level 5 in Invocations
 11064 | Lair:1   | Reached skill level 13 in Translocations
 11367 | Lair:2   | Noticed Gastronok
 11703 | Lair:2   | Noticed Amaemon
 11718 | Lair:2   | Killed Amaemon
 12202 | Lair:2   | Reached *** piety under Sif Muna
 12413 | Lair:2   | Found a staircase to the Snake Pit.
 12421 | Lair:2   | Killed Gastronok
 12560 | Lair:2   | Reached skill level 10 in Spellcasting
 12716 | Lair:2   | Reached skill level 14 in Translocations
 12737 | Lair:2   | Gained mutation: Your thick and shaggy fur keeps you warm.
                  | (AC +3, rC+) [Felid growth]
 12737 | Lair:2   | Reached XP level 12. HP: 63/63 MP: 14/27
 12999 | Lair:2   | Reached skill level 10 in Dodging
 14089 | Lair:3   | Noticed a death yak
 14092 | Lair:3   | Noticed a death yak
 14424 | Lair:3   | Found a staircase to the Swamp.
 14441 | Lair:3   | Reached skill level 1 in Summonings
 14709 | Lair:3   | Identified the +1 leather armour "Lukloac" {Str+3 SInv}
 14824 | Lair:3   | Noticed a death yak
 14825 | Lair:3   | Noticed a death yak
 14826 | Lair:3   | Noticed a death yak
 14849 | Lair:3   | Killed a death yak
 14850 | Lair:3   | Reached skill level 15 in Translocations
 14996 | Lair:3   | Killed a death yak
 15050 | Lair:3   | Noticed a death yak
 15055 | Lair:3   | Killed a death yak
 15081 | Lair:3   | Killed a death yak
 15086 | Lair:3   | Killed a death yak
 15086 | Lair:3   | Reached **** piety under Sif Muna
 15097 | Lair:3   | Killed a death yak
 16022 | Lair:4   | Found a staircase to the Slime Pits.
 16195 | Lair:4   | Found a frozen archway.
 16310 | IceCv    | Entered an ice cave
 16787 | IceCv    | Reached XP level 13. HP: 70/70 MP: 16/28
 16787 | IceCv    | Gained a life (2 lives remaining)
 17253 | IceCv    | Reached skill level 16 in Translocations
 17513 | IceCv    | Found an ancient bone altar of Kikubaaqudgha.
 18028 | IceCv    | Reached skill level 5 in Summonings
 19452 | Lair:5   | Entered Level 5 of the Lair of Beasts
 19577 | Lair:5   | Reached skill level 10 in Fighting
 19582 | Lair:5   | Reached skill level 10 in Invocations
 19742 | Lair:5   | HP: 3/72 [manticore/volley of spikes (17)]
 19742 | Lair:5   | Slain by an elephant
 19742 | Lair:5   | Lost a life (1 life remaining)
 20295 | Lair:5   | Learned a level 7 spell: Malign Gateway
 20928 | Slime:1  | Entered Level 1 of the Pits of Slime
 20928 | Slime:1  | Noticed an azure jelly
 20928 | Slime:1  | Noticed an acid blob
 21150 | Lair:5   | Reached skill level 10 in Summonings
 21157 | Lair:5   | Reached XP level 14. HP: 76/77 MP: 6/29
 21157 | Lair:5   | Reached ***** piety under Sif Muna
 23957 | D:9      | Found a staircase to the Orcish Mines.
 24303 | Orc:1    | Entered Level 1 of the Orcish Mines
 24497 | Orc:1    | Received a gift from Sif Muna
 24501 | Orc:1    | Got Sif Muna's Further Progress in the Hidden Practices
                  | {god gift}
 24769 | Orc:2    | Entered Level 2 of the Orcish Mines
 24776 | Orc:2    | Found a staircase to the Elven Halls.
 25234 | Orc:2    | Paralysed by an orc sorcerer for 4 turns
 25887 | Orc:2    | Found a bloodstained altar of Trog.
 25954 | Orc:2    | Found a roughly hewn altar of Beogh.
 26076 | Orc:2    | Reached skill level 1 in Shapeshifting
 26502 | Orc:2    | Found Gugg's Antique Armour Shop.
 26502 | Orc:2    | Found Naod's Jewellery Boutique.
 26503 | Orc:2    | Found Ohaph's Distillery.
 26507 | Orc:2    | Found Ciocouxe's General Store.
 26512 | Orc:2    | Bought a potion of heal wounds for 55 gold pieces
 26512 | Orc:2    | Bought a potion of ambrosia for 88 gold pieces
 26512 | Orc:2    | Bought a potion of degeneration for 11 gold pieces
 26512 | Orc:2    | Bought a potion of enlightenment for 55 gold pieces
 26512 | Orc:2    | Bought 2 potions of heal wounds for 110 gold pieces
 26513 | Orc:2    | Bought a potion of curing for 48 gold pieces
 26513 | Orc:2    | Bought 3 scrolls of immolation for 192 gold pieces
 26513 | Orc:2    | Bought a scroll of identify for 32 gold pieces
 26671 | D:10     | Entered Level 10 of the Dungeon
 26998 | D:10     | Found a burning altar of Makhleb.
 27929 | D:11     | Reached ****** piety under Sif Muna
 27933 | D:11     | Reached skill level 17 in Translocations
 28044 | D:11     | Identified the serpent talisman of the Beginning {rElec
                  | Dex+4}
 28710 | D:11     | Received a gift from Sif Muna
 29158 | D:12     | Reached skill level 5 in Shapeshifting
 29158 | D:12     | Reached XP level 15. HP: 80/80 MP: 25/30
 29968 | D:13     | Noticed Erolcha
 29977 | D:13     | Killed Erolcha
 30082 | D:13     | Found a gate to the Vaults.
 30140 | D:13     | Noticed Frances
 30154 | D:13     | Killed Frances
 30965 | D:14     | Slain by a boulder beetle
 30965 | D:14     | Lost a life (0 lives remaining)
 31049 | D:14     | Received a gift from Sif Muna
 31050 | D:14     | Got Sif Muna's Codex of Mana {god gift}
 31066 | D:14     | Found a roughly hewn altar of Beogh.
 31693 | D:14     | Found a runed translucent door.
 31693 | D:14     | Noticed Cicylist's ghost (journeyman FoFi)
 32005 | D:14     | Found a sacrificial altar of Ru.
 32378 | D:14     | Killed Cicylist's ghost
 32436 | D:15     | Entered Level 15 of the Dungeon
 32660 | D:15     | Reached skill level 10 in Shapeshifting
 32784 | D:15     | Received a gift from Sif Muna
 32789 | D:15     | Got Sif Muna's Lectures on Injurious Decomposition {god
                  | gift}
 33250 | D:15     | Noticed Josephine
 33254 | D:15     | Killed Josephine
 33940 | D:15     | Found a staircase to the Depths.
 34203 | Snake:1  | Entered Level 1 of the Snake Pit
 34209 | Snake:1  | Reached XP level 16. HP: 85/85 MP: 21/31
 34209 | Snake:1  | Gained a life (1 life remaining)
 34543 | Snake:1  | Identified the serpent talisman of Tentacled Lucidity
                  | {rElec rF+}
 34543 | Snake:1  | Noticed Aizul
 34554 | Snake:1  | Killed Aizul
 35317 | Snake:1  | Found a hazy altar of Hepliaklqana.
 36159 | Snake:2  | Found a runed translucent gate.
 36159 | Snake:2  | Found a runed translucent gate.
 36177 | Snake:2  | Found a runed translucent gate.
 36727 | Snake:2  | Received a gift from Sif Muna
 36847 | Snake:2  | Found Paecwu's Book Shoppe.
 36848 | Snake:2  | Found Emimiu's Jewellery Shop.
 36849 | Snake:2  | Found Iruxut's Book Shoppe.
 36879 | Snake:2  | Learned a level 2 spell: Blink
 37269 | Snake:2  | HP: 3/102 [naga sharpshooter/arrow (21)]
 37269 | Snake:2  | Shot with an arrow by a naga sharpshooter
 37269 | Snake:2  | Lost a life (0 lives remaining)
 38235 | Orc:2    | Bought a granite talisman for 960 gold pieces
 38715 | Snake:3  | Found a hide-covered altar of Uskayaw.
 38750 | Snake:3  | Killed from afar by a salamander mystic

Illustrated notes

Levels and vault maps discovered:
D:1:      enne_arrival_octagon_isle, layout_basic,
          hellmonk_ecumenical_altar_watching_god, minmay_misc_feat_nine_boxes
D:2:      minmay_roachtagon, layout_rooms, basic_altar,
          kennysheep_generic_room_8
D:3:      layout_basic, nicolae_overflow_hidden_temple
D:4:      layout_cave_pools, jmf_multi_god_temple,
          minmay_temple_entry_junction_2, enter_ossuary_2,
          hangedman_glass_teeth, uniq_duvessa, uniq_ijyb
D:5:      layout_basic, nicolae_wu_jian_immortal_techniques, old_standard_altar,
          nicolae_eternal_life, uniq_grinder, uniq_crazy_yiuf_cottage
D:6:      layout_basic, mainiacjoe_overflow_surrounded_room
D:7:      layout_basic, gammafunk_ghost_icy, patterned_corridor
D:8:      layout_rooms, nicolae_gozag_seed_capital, minmay_lair_entry_grove
D:9:      layout_cave_pods, hiddenorc1_lemuel
D:10:     layout_rooms, overflow_temple_1_default, serial_demonic,
          serial_demonic_f, serial_demonic_g, serial_demonic_f,
          serial_demonic_b, minmay_joined_circles
D:11:     layout_irregular_city
D:12:     layout_roguey, minmay_misc_feat_chi
D:13:     layout_big_octagon, erik_vaults_1, serial_bayou_pond_e, eino_jars,
          uniq_erolcha, uniq_frances
D:14:     erik_rubicon_b, layout_long_grid, nicolae_ru_awakened_eye,
          special_room [special_room_orc], gammafunk_ghost_grave,
          corexii_corridor_pit, hangedman_decor_peaks_small
D:15:     grunt_enter_depths_magical_seal, layout_loops_corners,
          serial_park_square2, uniq_josephine
Temple:   eino_temple_lava
Lair:1:   layout_cave_pods, gammafunk_ghost_split
Lair:2:   layout_layer_cave, nicolae_snake_entry_warm_welcome, uniq_gastronok,
          uniq_amaemon
Lair:3:   layout_cellular_growth, minmay_swamp_entry_worms,
          cheibrodos_lair_lostbears, grunt_megastairs_3
Lair:4:   layout_hall_layers, slime_entry_1, portal_ice_cave_demonic_guard,
          lemuel_fruit_fields, infiniplex_staircase_pool_2
Lair:5:   gammafunk_lair_ancient_temple, layout_gridlike, ice2_lemuel
Snake:1:  layout_grid_maze, basic_altar, nrook_guardian_serpent_double,
          uniq_aizul
Snake:2:  layout_chambers, nicolae_snake_horde_hoard, minmay_shop_grove,
          grunt_megastairs_4
Snake:3:  layout_misc_corridors, basic_altar, lemuel_fruit_tree,
          minmay_shop_star, uniq_roxanne, uniq_agnes, uniq_vashnia
Slime:1:  layout_caves
Orc:1:    layout_caves
Orc:2:    st_orc_mages, layout_caves, hangedman_feature_mirror

Skill      XL: |  1  2  3  4  5  6  7  8  9 10 11 12 13 14 15 16 |
---------------+-------------------------------------------------+-----
Conjurations   | 4 5 6 |  6.0
Dodging        | 3 5 7 9 10 | 10.0
Stealth        | 3 |  3.0
Spellcasting   | 3 4 5 7 8 9 10 | 10.0
Translocations | 2 4 6 9 11 12 14 15 16 17 | 17.0
Fighting       | 3 5 7 9 10 | 10.0
Invocations    | 2 4 6 8 10 | 10.0
Summonings     | 4 10 13 | 13.2
Shapeshifting  | 5 11 14 | 14.0

Action                     |  1- 3 |  4- 6 |  7- 9 | 10-12 | 13-15 | 16-18 || total
---------------------------+-------+-------+-------+-------+-------+-------++-------
  Melee: Unarmed           |    11 |     4 |    50 |    17 |    61 |    16 ||   159
         Bite              |     2 |       |     8 |     1 |     6 |       ||    17
         Punch             |       |       |     2 |       |       |       ||     2
         Constrict         |       |       |       |       |     4 |     7 ||    11
   Cast: Magic Dart        |    66 |    59 |    77 |    17 |    31 |       ||   250
         Searing Ray       |     8 |    11 |    18 |    11 |    32 |     1 ||    81
         Iskenderun's Myst |       |     9 |    46 |    85 |   241 |    53 ||   434
         Gell's Gavotte    |       |       |     5 |   100 |   156 |    22 ||   283
         Malign Gateway    |       |       |       |       |    58 |    26 ||    84
         Blink             |       |       |       |       |       |     1 ||     1
 Invoke: Channel Magic     |       |       |       |     8 |     5 |     1 ||    14
  Evoke: Wand              |       |       |    17 |     2 |    25 |       ||    44
    Use: Potion            |       |     1 |     1 |       |       |     1 ||     3
         Scroll            |       |     6 |     5 |     2 |     7 |     6 ||    26
   Stab: Paralysed         |       |       |    24 |       |       |       ||    24
         Sleeping          |       |       |     1 |       |       |       ||     1
 Armour: Skin              |     9 |    25 |    54 |    65 |   194 |    99 ||   446
  Dodge: Dodged            |    16 |    39 |    94 |    82 |   249 |    87 ||   567
  Block: Other             |       |       |       |       |    40 |    22 ||    62
         Reflection        |       |       |       |       |    18 |     5 ||    23
   Form: Serpent           |       |       |       |       |     1 |     1 ||     2
         Statue            |       |       |       |       |       |     1 ||     1

Table legend: (Time is in decaauts)
 A = Elapsed time spent in this place.
 B = Non-inter-level travel time spent in this place.
 C = Inter-level travel time spent in this place.
 D = Time resting spent in this place.
 E = Time spent auto-exploring this place.
 F = Levels seen in this place.
 G = Mean time per level.
                   A        B        C        D        E       F      G
               +--------+--------+--------+--------+--------+-----+--------+
         Total |  39151 |  37083 |   2068 |   3171 |  27915 |  28 | 1398.2 |
       Dungeon |  18663 |  17695 |    968 |   1455 |  13838 |  15 | 1244.2 |
        Temple |     18 |      2 |     16 |      0 |      0 |   1 |   18.0 |
          Lair |  11403 |  10818 |    585 |   1055 |   8213 |   5 | 2280.6 |
     Snake Pit |   4444 |   4104 |    340 |    390 |   2917 |   3 | 1481.3 |
    Slime Pits |      6 |      6 |      0 |      0 |      0 |   1 |    6.0 |
  Orcish Mines |   2294 |   2136 |    158 |      0 |   1499 |   2 | 1147.0 |
      Ice Cave |   2320 |   2320 |      0 |    271 |   1448 |   1 | 2320.0 |
               +--------+--------+--------+--------+--------+-----+--------+

Top non-repeatable levels by time:
  Lair:5: 2874 daAuts
  Lair:2: 2552 daAuts
 Snake:2: 2387 daAuts
   IceCv: 2320 daAuts
  Lair:4: 2157 daAuts
  Lair:3: 2149 daAuts
   Orc:2: 1950 daAuts
 Snake:1: 1904 daAuts
  Lair:1: 1670 daAuts
     D:9: 1657 daAuts
     D:3: 1598 daAuts
    D:15: 1566 daAuts
     D:6: 1538 daAuts
    D:14: 1513 daAuts
     D:7: 1424 daAuts
